 Dungeon Crawl Stone Soup version 0.24-a0-778-g74da537585 (webtiles) character file.

Game seed: 3225999942057987748, levelgen mode: deterministic

653 Ablot the Charmwright (level 7, -8/56 HPs)
             Began as a Gnoll Skald on Oct 7, 2019.
             Was an Initiate of Okawaru.
             Mangled by a hornet (10 damage)
             ... on level 8 of the Dungeon.
             The game lasted 00:07:19 (3198 turns).

Ablot the Charmwright (Gnoll Skald)                 Turns: 3198, Time: 00:07:19

Health: -8/56      AC:  6    Str: 16    XL:     7   Next: 54%
Magic:  12/15      EV: 14    Int: 15    God:    Okawaru [......]
Gold:   220        SH:  4    Dex: 14    Spells: 6/17 levels left

rFire    . . .     SeeInvis .   a - +0 trident
rCold    . . .     Gourm    .   s - +0 buckler
rNeg     . . .     Faith    .   b - +0 leather armour
rPois    .         Spirit   .   (no helmet)
rElec    .         Reflect  .   (no cloak)
rCorr    +         Harm     .   t - +0 pair of gloves (curse)
MR       .....                  p - +1 pair of boots
Stlth    ++........             (no amulet)
HPRegen  0.18/turn              i - ring of resist corrosion
MPRegen  0.14/turn              (no ring)

@: lethally poisoned (-8 -> -10)
A: distributed training, fangs 1, strong nose
a: Renounce Religion


You were on level 8 of the Dungeon.
You worshipped Okawaru.
Okawaru was noncommittal.
You were very hungry.

You visited 1 branch of the dungeon, and saw 6 of its levels.

You collected 220 gold pieces.

Inventory:

Hand Weapons
 a - a +0 trident (weapon)
Missiles
 c - 87 stones (quivered)
 h - 25 bolts
 r - 61 arrows
Armour
 b - a +0 leather armour (worn)
 p - a +1 pair of boots (worn)
 s - a +0 buckler (worn)
 t - a cursed +0 pair of gloves (worn)
Jewellery
 i - a ring of resist corrosion (left hand)
Wands
 n - a wand of clouds (7)
 v - a wand of iceblast (9)
Scrolls
 f - 2 scrolls of identify {unknown}
 j - 4 scrolls of teleportation
 k - 4 scrolls of remove curse {unknown}
 o - a scroll of enchant armour {unknown}
 q - a scroll of fear {unknown}
 u - a scroll of random uselessness {unknown}
 w - a scroll of magic mapping {unknown}
 x - a scroll of amnesia {unknown}
Potions
 e - 2 potions of flight {unknown}
 g - 4 potions of curing {unknown}
 l - 2 potions of heal wounds {unknown}
 m - a potion of ambrosia {unknown}
Comestibles
 d - 8 rations


   Skills:
 + Level 5.2 Fighting
 + Level 2.5 Short Blades
 + Level 2.5 Long Blades
 + Level 2.5 Axes
 + Level 2.5 Maces & Flails
 + Level 5.2 Polearms
 + Level 2.5 Staves
 + Level 2.5 Slings
 + Level 2.5 Bows
 + Level 2.5 Crossbows
 + Level 2.5 Throwing
 + Level 3.6 Armour
 + Level 5.2 Dodging
 + Level 2.5 Stealth
 + Level 2.5 Shields
 + Level 2.5 Unarmed Combat
 + Level 5.6 Spellcasting
 + Level 2.0 Conjurations
 + Level 2.0 Hexes
 + Level 5.8 Charms
 + Level 2.0 Summonings
 + Level 2.0 Necromancy
 + Level 2.0 Translocations
 + Level 2.0 Transmutations
 + Level 2.0 Fire Magic
 + Level 2.0 Ice Magic
 + Level 2.0 Air Magic
 + Level 2.0 Earth Magic
 + Level 2.0 Poison Magic
 + Level 2.8 Invocations
 + Level 2.5 Evocations


You had 6 spell levels left.
You knew the following spells:

 Your Spells              Type           Power        Failure   Level  Hunger
a - Infusion              Chrm           ###.         1%          1    None
b - Song of Slaying       Chrm           ###.....     3%          2    #......
c - Shroud of Golubria    Chrm/Tloc      ###...       7%          2    #......
d - Regeneration          Chrm/Necr      ###.......   13%         3    ###....
e - Spectral Weapon       Hex/Chrm       ###.....     13%         3    ###....

Your spell library contained the following spells:

 Spells                   Type           Power        Failure   Level  Hunger


Dungeon Overview and Level Annotations

Branches:
Dungeon (5/15)
 Temple: D:4-7

Altars:
Cheibriados
Dithmenos
Fedhas
Nemelex Xobeh
Okawaru
Ru
Yredelemnul


Innate Abilities, Weirdness & Mutations

Your experience applies equally to all skills.
You have very sharp teeth.
Your uncanny sense of smell can sniff out nearby items.


Message History

You are poisoned.
You feel yourself slow down.
Found a scroll of teleportation.
You feel sick. The hornet misses you.
You feel yourself speed up.
You feel sick.
The hornet stings you but does no damage.
The crocodile barely misses you.
Found a stone staircase leading down.
You feel sick. The hornet stings you.
You suddenly lose the ability to move!
The hornet stings you!
You feel yourself slow down. The crocodile bites you!
You can move again.
You feel yourself speed up.
You feel sick. The hornet stings you!
* * * LOW HITPOINT WARNING * * *
You shrug off the repeated paralysis!
There is a stone staircase leading up, spattered with blood here.
Unknown command.
The hornet stings you!
You die...

##### .>.
##...##.....
##.....#.....
##............
#.............
#?...........
#.>.......#
#####...t...#
#..$....y@.##
#.###.#...##
#.# #....##
#.###.####
#.....# ..♣r.
###.### ....P
#.# ..Y..P
#.## .P.P♣
#..# #P....P


You could see a hornet and a crocodile.

Vanquished Creatures
  A porcupine (D:8)
  An ogre (D:2)
  A scorpion (D:4)
  A hound (D:4)
  3 orc priests
  An iguana (D:4)
  2 orc wizards (D:4)
  A worker ant (D:4)
  A hound skeleton (D:4)
  4 gnolls (D:3)
  6 adders
  2 worms
  3 dart slugs
  4 leopard geckos
  11 orcs
  7 bats
  7 giant cockroaches
  6 hobgoblins
  A quokka (D:2)
  A ball python skeleton (D:4)
  7 frilled lizards
  2 goblins
  7 kobolds
  A leopard gecko skeleton (D:4)
  7 rats
88 creatures vanquished.

Vanquished Creatures (others)
  A fungus (D:8)
  8 plants (D:8)
  A spectral weapon (D:3)
10 creatures vanquished.

Grand Total: 98 creatures vanquished

Notes
Turn   | Place    | Note
-------+----------+-------------------------------------------
     0 | D:1      | Ablot the Gnoll Skald began the quest for the Orb.
     0 | D:1      | Reached XP level 1. HP: 20/20 MP: 6/6
   206 | D:1      | Reached XP level 2. HP: 26/26 MP: 7/7
   214 | D:1      | Learned a level 2 spell: Song of Slaying
   217 | D:1      | Learned a level 2 spell: Shroud of Golubria
   774 | D:2      | Reached XP level 3. HP: 29/31 MP: 9/9
   785 | D:2      | Learned a level 3 spell: Regeneration
   789 | D:2      | Learned a level 3 spell: Spectral Weapon
   821 | D:2      | Reached skill level 5 in Spellcasting
   838 | D:2      | Reached skill level 1 in Invocations
   846 | D:2      | Noticed an ogre
   935 | D:2      | Reached skill level 1 in Short Blades
   935 | D:2      | Reached skill level 1 in Long Blades
   935 | D:2      | Reached skill level 1 in Axes
   935 | D:2      | Reached skill level 1 in Maces & Flails
   935 | D:2      | Reached skill level 1 in Staves
   935 | D:2      | Reached skill level 1 in Slings
   935 | D:2      | Reached skill level 1 in Bows
   935 | D:2      | Reached skill level 1 in Crossbows
   935 | D:2      | Reached skill level 1 in Throwing
   935 | D:2      | Reached skill level 1 in Stealth
   935 | D:2      | Reached skill level 1 in Shields
   935 | D:2      | Reached skill level 1 in Unarmed Combat
   935 | D:2      | Reached skill level 1 in Evocations
   935 | D:2      | Reached XP level 4. HP: 37/38 MP: 11/11
  1007 | D:2      | Found a shadowy altar of Dithmenos.
  1346 | D:2      | Killed an ogre
  1346 | D:2      | Reached skill level 1 in Conjurations
  1346 | D:2      | Reached skill level 1 in Hexes
  1346 | D:2      | Reached skill level 1 in Summonings
  1346 | D:2      | Reached skill level 1 in Necromancy
  1346 | D:2      | Reached skill level 1 in Translocations
  1346 | D:2      | Reached skill level 1 in Transmutations
  1346 | D:2      | Reached skill level 1 in Fire Magic
  1346 | D:2      | Reached skill level 1 in Ice Magic
  1346 | D:2      | Reached skill level 1 in Air Magic
  1346 | D:2      | Reached skill level 1 in Earth Magic
  1346 | D:2      | Reached skill level 1 in Poison Magic
  1346 | D:2      | Reached XP level 5. HP: 28/43 MP: 0/12
  1657 | D:3      | Reached XP level 6. HP: 50/50 MP: 1/13
  1745 | D:3      | Found a snail-covered altar of Cheibriados.
  1948 | D:3      | Found an iron altar of Okawaru.
  1953 | D:3      | Became a worshipper of Warmaster Okawaru
  1995 | D:4      | Reached skill level 5 in Fighting
  1995 | D:4      | Reached skill level 5 in Polearms
  1995 | D:4      | Reached skill level 5 in Dodging
  2037 | D:4      | Found a sparkling altar of Nemelex Xobeh.
  2037 | D:4      | Found a sacrificial altar of Ru.
  2254 | D:4      | Found a blossoming altar of Fedhas.
  2400 | D:4      | Found a basalt altar of Yredelemnul.
  2575 | D:4      | Reached XP level 7. HP: 44/56 MP: 9/15
  3090 | D:5      | Entered Level 5 of the Dungeon
  3091 | D:5      | You fall into a shaft and drop 3 floors!
  3092 | D:8      | Noticed a yak
  3092 | D:8      | Noticed a yak
  3183 | D:8      | Noticed a hornet
  3195 | D:8      | Paralysed by a hornet for 2 turns
  3197 | D:8      | HP: 2/56 [hornet (16)]
  3198 | D:8      | Mangled by a hornet

Levels and vault maps discovered:
D:1:      evilmike_arrival_run_for_it, layout_basic
D:2:      layout_loops_ring, nicolae_dithmenos_shadow_blocks
D:3:      layout_rooms, lemuel_crystal_altar, lemuel_doored_altar
D:4:      layout_layer_cave, lemuel_crystal_altar,
          gammafunk_temple_overflow_forgotten, first_ration
D:5:      layout_loops_cross, good_gods_mini_temple, wad_floor_pattern_untrapped
D:8:      layout_loops_ring, minmay_lair_entry_grove,
          hangedman_little_slice_of_home

Skill      XL: |  1  2  3  4  5  6  7 |
---------------+----------------------+-----
Spellcasting   | 5 |  5.6
Invocations    | 1 2 |  2.8
Short Blades   | 1 2 |  2.5
Long Blades    | 1 2 |  2.5
Axes           | 1 2 |  2.5
Maces & Flails | 1 2 |  2.5
Staves         | 1 2 |  2.5
Slings         | 1 2 |  2.5
Bows           | 1 2 |  2.5
Crossbows      | 1 2 |  2.5
Throwing       | 1 2 |  2.5
Stealth        | 1 2 |  2.5
Shields        | 1 2 |  2.5
Unarmed Combat | 1 2 |  2.5
Evocations     | 1 2 |  2.5
Armour         | 3 |  3.6
Conjurations   | 1 2 |  2.0
Hexes          | 1 2 |  2.0
Summonings     | 1 2 |  2.0
Necromancy     | 1 2 |  2.0
Translocations | 1 2 |  2.0
Transmutations | 1 2 |  2.0
Fire Magic     | 1 2 |  2.0
Ice Magic      | 1 2 |  2.0
Air Magic      | 1 2 |  2.0
Earth Magic    | 1 2 |  2.0
Poison Magic   | 1 2 |  2.0
Fighting       | 5 |  5.2
Polearms       | 5 |  5.2
Dodging        | 5 |  5.2
Charms         | |  5.8

Action                   |  1- 3 |  4- 6 |  7- 9 || total
-------------------------+-------+-------+-------++-------
Melee: Spear             |    85 |    80 |       ||   165
       Bite              |     5 |    18 |     4 ||    27
       Trident           |       |    86 |    38 ||   124
 Cast: Infusion          |     2 |     1 |       ||     3
       Shroud of Golubri |     1 |     8 |     1 ||    10
       Spectral Weapon   |       |     8 |     1 ||     9
       Song of Slaying   |       |     4 |       ||     4
       Regeneration      |       |     2 |     3 ||     5
  Use: Scroll            |       |       |     1 ||     1
 Stab: Sleeping          |     2 |     4 |     2 ||     8
  Eat: Chunk             |       |     7 |     1 ||     8
Armor: Leather armour    |     7 |    22 |     4 ||    33
Dodge: Dodged            |    40 |    67 |    26 ||   133
Block: Buckler           |       |     4 |     4 ||     8

Table legend:
 A = Non-vault XP
 B = Vault XP
 C = Vault XP percentage of total XP
 D = Non-vault monster count
 E = Vault monster count
 F = Vault count percentage of total count
                 A         B        C        D         E       F
            +---------+---------+-------+---------+---------+-------
      Total |     786 |     148 |  15.8 |      86 |       2 |   2.3
            +---------+---------+-------+---------+---------+-------
        D:1 |      21 |       5 |  19.2 |      14 |       1 |   6.7
        D:2 |     205 |       0 |   0.0 |      27 |       0 |   0.0
        D:3 |     201 |       0 |   0.0 |      26 |       0 |   0.0
        D:4 |     359 |       0 |   0.0 |      19 |       0 |   0.0
        D:8 |       0 |     143 | 100.0 |       0 |       1 | 100.0
            +---------+---------+-------+---------+---------+-------
